 Dungeon Crawl Stone Soup version 0.19.1 (webtiles) character file.

37 davidrosshaw the Skirmisher (level 3, -1/31 HPs)
             Began as a Centaur Wanderer on Dec 26, 2016.
             Slain by a leopard gecko (3 damage)
             ... on level 2 of the Dungeon.
             The game lasted 00:06:25 (1154 turns).

davidrosshaw the Skirmisher (Centaur Wanderer)      Turns: 1154, Time: 00:06:28

Health: -1/31      AC:  4    Str: 14    XL:     3   Next: 23%
Magic:  5/5        EV:  9    Int: 11    God:
Gold:   91         SH:  0    Dex:  9    Spells: 0 memorised, 5 levels left

rFire  . . .     SeeInvis .     k - +0 mace (crush)
rCold  . . .     Gourm    .     e - +0 leather armour
rNeg   . . .     Faith    .     (no shield)
rPois  .         Spirit   .     (no helmet)
rElec  .         Reflect  .     (no cloak)
rCorr  .         Harm     .     (no gloves)
MR     .....                    (no barding)
Stlth  ..........               (no amulet)
                                (no ring)
                                (no ring)

@: very quick
A: hooves 3, deformed body, speed 2, tough skin 3
a: no special abilities


You were on level 2 of the Dungeon.
You were not hungry.

You visited 1 branch of the dungeon, and saw 2 of its levels.

You collected 91 gold pieces.

Inventory:

Hand Weapons
 c - a +0 spear
 k - a +0 mace of crushing (weapon)
Armour
 d - a +0 robe
 e - a +0 leather armour (worn)
Scrolls
 g - a scroll of recharging
 i - a scroll of identify
Potions
 j - 2 potions of agility
 m - a potion of cancellation {unknown}
 n - a potion of curing {unknown}
Books
 a - a book of Minor Magic

   Spells                             Type                      Level
   a - Magic Dart                     Conjuration                  1
   b - Blink                          Translocation                2
   c - Call Imp                       Summoning                    2
   d - Repel Missiles                 Charms/Air                   2
   e - Slow                           Hexes                        2
   f - Conjure Flame                  Conjuration/Fire             3
   g - Mephitic Cloud                 Conjuration/Poison/Air       3
 b - the Handbook of Earth

   Spells                             Type                      Level
   a - Sandblast                      Earth                        1
   b - Stone Arrow                    Conjuration/Earth            3
Comestibles
 f - a bread ration
 h - 2 chunks of flesh
 o - a meat ration


   Skills:
 + Level 3.6 Fighting
 * Level 0.6 Maces & Flails
 - Level 1.2 Polearms
 + Level 0.7 Armour
 + Level 1.2 Dodging
 - Level 1.5 Spellcasting
   Level 1.0 Necromancy
   Level 1.7 Evocations


You had 5 spell levels left.
You didn't know any spells.

Dungeon Overview and Level Annotations

Branches:
Dungeon (1/15)

Altars:
Nemelex Xobeh


Innate Abilities, Weirdness & Mutations

You have hooves in place of feet.
Armour fits poorly on your strangely shaped body.
You cover ground very quickly.
You have extremely tough skin. (AC +3)


Message History

You hit the leopard gecko.
The leopard gecko is heavily wounded.
The leopard gecko bites you.
* * * LOW HITPOINT WARNING * * *
The leopard gecko bites you but does no damage.
You barely miss the leopard gecko.
The leopard gecko is heavily wounded.
The leopard gecko bites you.
* * * LOW HITPOINT WARNING * * *
The leopard gecko completely misses you.
You closely miss the leopard gecko.
The leopard gecko is heavily wounded.
The leopard gecko barely misses you.
You hit the leopard gecko. Your kick misses the leopard gecko.
The leopard gecko is almost dead.
The leopard gecko hisses menacingly.
The leopard gecko bites you.
* * * LOW HITPOINT WARNING * * *
The leopard gecko bites you.
You die...

#......$.#.#####.#..#.#
........#.#........#.#
....... #.#.####..##..
..... #.#.# #..##..
s.s. #.#.# ##.##.. #s.
#.#.# #..#.. #†#
#.#.#####..#..
#.######..........#..
#).l@.............)..
#.###.#.#.###....#.#.
#.# #.#........#.#...
... #.###.###....#.#.
.... #.....# #....#.#.
......###...# #....#...
....... #...# #....#..#
#.......# #...#
#....#..# #...#
#..#.#...


You could see a leopard gecko.

Vanquished Creatures
  A dart slug (D:1)
  2 leopard geckos (D:1)
  10 giant cockroaches
  A goblin (D:1)
  A hobgoblin (D:2)
  A quokka (D:2)
  3 bats (D:1)
  2 frilled lizards (D:2)
  6 kobolds
  5 rats
32 creatures vanquished.

Notes
Turn   | Place    | Note
-------+----------+-------------------------------------------
     0 | D:1      | davidrosshaw the Centaur Wanderer began the quest for the Orb.
     0 | D:1      | davidrosshaw set off with: a book of Minor Magic, the Handbook of Earth, a +0 spear, a +0 robe, a bread ration
     0 | D:1      | Reached XP level 1. HP: 19/19 MP: 3/3
   393 | D:1      | Reached XP level 2. HP: 25/26 MP: 4/4
   785 | D:1      | You fall through a shaft!
   941 | D:2      | Found a sparkling altar of Nemelex Xobeh.
  1122 | D:2      | Reached XP level 3. HP: 12/31 MP: 5/5
  1154 | D:2      | Slain by a leopard gecko

Action                   || total
-------------------------++-------
Melee: Spear             ||    45
       Kick              ||    12
       Mace              ||    61
  Use: Scroll            ||     5
Armor: Leather armour    ||    54
Dodge: Dodged            ||    61
